 Dungeon Sprint DCSS version 0.28-a0-1234-g826d19b2e0 (webtiles) character file.

Game seed: 13843811801792317347

1839 mhtbhm the Basher (level 8, -1/85 HPs)
             Began as a Purple Draconian Berserker on Dec 23, 2021.
             Was a High Priest of Trog.
             Slain by a vampire mosquito (6 damage)
             ... in the Dungeon (Sprint IX: "|||||||||||||||||||||||||||||").
             The game lasted 00:02:24 (1179 turns).

mhtbhm the Basher (Purple Draconian Berserker)      Turns: 1179, Time: 00:02:24

Health: -1/85      AC:  9    Str: 22    XL:     8   Next: 87%
Magic:  8/8        EV: 18    Int:  7    God:    Trog [*****.]
Gold:   0          SH:  0    Dex: 11    Spells: 7/7 levels left

rFire   . . .      SeeInvis .   a - +2 morningstar (holy)
rCold   . . .      Faith    .   (no shield)
rNeg    . . .      Spirit   .   (armour unavailable)
rPois   .          Reflect  .   (helmet restricted)
rElec   .          Harm     .   (no cloak)
rCorr   .          Rampage  .   (no gloves)
Will    +....      NoTele   +   j - +0 pair of boots
Stlth   ++........              (no amulet)
HPRegen 0.24/turn               k - +2 ring of evasion
MPRegen 0.11/turn               l - +2 ring of protection

@: on berserk cooldown
A: breathe power, AC +6, unfitting armour, cold-blooded
a: Breathe Dispelling Energy, Renounce Religion, Berserk, Trog's Hand, Brothers
in Arms


You were in the Dungeon.
You worshipped Trog.
Trog was extremely pleased with you.
You visited 1 branch

Inventory:

Hand Weapons
 a - a +2 morningstar of holy wrath (weapon)
Armour
 j - a +0 pair of boots (worn)
Jewellery
 k - a +2 ring of evasion (left hand)
 l - a +2 ring of protection (right hand)
Wands
 i - a wand of iceblast (9)
Scrolls
 g - a scroll of blinking
Potions
 b - a potion of curing
 d - a potion of haste
 e - 4 potions of magic
 f - a potion of berserk rage


   Skills:
 + Level 12.4 Fighting
 + Level 12.7 Maces & Flails
 + Level 10.5 Dodging
 + Level 2.5 Stealth


You had 7 spell levels left.
You didn't know any spells.
Your spell library was empty.

Dungeon Overview and Level Annotations

Branches:
Dungeon (1/1)

Altars:
Cheibriados
Dithmenos
Elyvilon
Fedhas
Gozag
Hepliaklqana
Kikubaaqudgha
Makhleb
Nemelex Xobeh
Okawaru
Qazlal
Ru
Sif Muna
Trog
Uskayaw
Vehumet
Wu Jian
Xom
Yredelemnul
Zin
The Shining One
Beogh
Jiyva
Lugonu


Innate Abilities, Weirdness & Mutations

You can breathe bolts of dispelling energy.
Your rich purple scales are hard. (AC +6)
You cannot fit into any form of body armour.
You are cold-blooded and may be slowed by cold attacks.


Message History

There is a radiant altar of Vehumet, spattered with blood here.
Unknown command.
Press < or > to pray at altars.
The vampire mosquito misses you. The vampire mosquito bites you.
* * * LOW HITPOINT WARNING * * *
The vampire mosquito draws strength from your injuries!
There is a hide-covered altar of Uskayaw, spattered with blood here.
Unknown command.
Press < or > to pray at altars.
You feel better. The vampire mosquito barely misses you.
The vampire mosquito completely misses you.
Unknown command.
Press < or > to pray at altars.
You feel better.
You feel yourself speed up. The vampire mosquito bites you.
* * * LOW HITPOINT WARNING * * *
The vampire mosquito draws strength from your injuries!
The vampire mosquito bites you.
* * * LOW HITPOINT WARNING * * *
The vampire mosquito draws strength from your injuries!
The vampire mosquito misses you. The vampire mosquito bites you!
* * * LOW HITPOINT WARNING * * *
The vampire mosquito draws strength from your injuries!
There is a bloodstained altar of Trog here.
The vampire mosquito completely misses you.
There is a shimmering blue altar of Sif Muna here.
The vampire mosquito completely misses you.
There is a sacrificial altar of Ru here.
The vampire mosquito misses you.
There is a stormy altar of Qazlal here.
The vampire mosquito misses you.
There is an iron altar of Okawaru here.
The vampire mosquito barely misses you.
There is a sparkling altar of Nemelex Xobeh here.
The vampire mosquito misses you.
There is a burning altar of Makhleb here.
The vampire mosquito bites you.
You die... ▓▓▓▓▓▓▓▓▓▓▓▓▓▓▓▓▓▓▓▓▓▓▓▓▓▓▓▓▓▓▓▓▓ ')....'_________@yc____________') ▓▓▓▓▓▓▓▓▓▓▓▓▓▓▓▓▓▓▓▓▓▓▓▓▓▓▓▓▓▓▓▓▓

You could see a vampire mosquito and a centaur.

Vanquished Creatures
  A manticore (D)
  A gargoyle (D)
  A troll (D)
  A shadow (D)
  An acid dragon (D)
  An ogre (D)
  2 centaurs (D)
  An iguana (D)
  An adder (D)
  A white imp (D)
  A bat zombie (D)
  2 goblins (D)
  A hobgoblin (D)
  A kobold (D)
  A rat (D)
17 creatures vanquished.

Vanquished Creatures (collateral kills)
  A deep elf pyromancer (D)
1 creature vanquished.

Vanquished Creatures (others)
  A killer bee (D)
  An orc priest (D)
2 creatures vanquished.

Grand Total: 20 creatures vanquished

Notes
Turn   | Place    | Note
-------+----------+-------------------------------------------
     0 | D        | mhtbhm the Draconian Berserker began the quest for the Orb.
     0 | D        | Reached XP level 1. HP: 19/19 MP: 1/1
    16 | D        | Reached ** piety under Trog
   181 | D        | Noticed an ogre
   181 | D        | Noticed an iguana
   188 | D        | Killed an ogre
   189 | D        | Reached skill level 5 in Maces & Flails
   189 | D        | Reached skill level 5 in Dodging
   189 | D        | Reached XP level 2. HP: 10/31 MP: 2/2
   189 | D        | Reached XP level 3. HP: 13/38 MP: 3/3
   189 | D        | Reached XP level 4. HP: 15/45 MP: 4/4
   189 | D        | Reached *** piety under Trog
   488 | D        | Found a snail-covered altar of Cheibriados.
   488 | D        | Found a shadowy altar of Dithmenos.
   488 | D        | Found a white marble altar of Elyvilon.
   488 | D        | Found a blossoming altar of Fedhas.
   488 | D        | Found an opulent altar of Gozag.
   489 | D        | Found a hazy altar of Hepliaklqana.
   490 | D        | Found a viscous altar of Jiyva.
   491 | D        | Found an ancient bone altar of Kikubaaqudgha.
   492 | D        | Found a corrupted altar of Lugonu.
   493 | D        | Found a burning altar of Makhleb.
   494 | D        | Found a sparkling altar of Nemelex Xobeh.
   495 | D        | Found an iron altar of Okawaru.
   496 | D        | Found a stormy altar of Qazlal.
   497 | D        | Found a sacrificial altar of Ru.
   498 | D        | Found a shimmering blue altar of Sif Muna.
   499 | D        | Found a bloodstained altar of Trog.
   500 | D        | Found a hide-covered altar of Uskayaw.
   501 | D        | Found a radiant altar of Vehumet.
   502 | D        | Found an ornate altar of the Wu Jian Council.
   503 | D        | Found a shimmering altar of Xom.
   504 | D        | Found a basalt altar of Yredelemnul.
   505 | D        | Found a glowing silver altar of Zin.
   506 | D        | Found a glowing golden altar of the Shining One.
   541 | D        | Noticed a shadow
   541 | D        | Noticed a centaur
   541 | D        | Noticed a centaur
   541 | D        | Noticed an acid dragon
   548 | D        | Killed a shadow
   549 | D        | Reached XP level 5. HP: 15/53 MP: 5/5
   552 | D        | Killed a centaur
   552 | D        | Reached **** piety under Trog
   553 | D        | Reached XP level 6. HP: 19/62 MP: 6/6
   797 | D        | Killed an acid dragon
   798 | D        | Reached skill level 1 in Stealth
   798 | D        | Your scales start taking on a rich purple colour.
   798 | D        | Reached XP level 7. HP: 33/71 MP: 7/7
  1118 | D        | Noticed a manticore
  1118 | D        | Noticed a gargoyle
  1118 | D        | Noticed a troll
  1118 | D        | Noticed a vampire mosquito
  1118 | D        | Noticed a deep elf pyromancer
  1123 | D        | Noticed a fire elemental
  1124 | D        | Killed a manticore
  1125 | D        | Reached skill level 10 in Fighting
  1129 | D        | Killed a gargoyle
  1130 | D        | Reached XP level 8. HP: 28/82 MP: 8/8
  1136 | D        | Killed a troll
  1136 | D        | Reached ***** piety under Trog
  1137 | D        | Reached skill level 10 in Dodging
  1145 | D        | Killed a deep elf pyromancer
  1169 | D        | HP: 3/85 [vampire mosquito (6)]
  1179 | D        | Slain by a vampire mosquito

Illustrated notes

Levels and vault maps discovered:
D:        linesprint [early_d, line_temple, items_1, d_10, items_2, lair_1,
          lair_end, items_3, orc_1, orc_end, items_4, d_15, swamp_1, shoals_1,
          snake_1, spider_1, d_20, vaults_1, items_5, swamp_end, shoals_end,
          snake_end, spider_end, vaults_end, d_27, items_6, zot_1, zot_end,
          crypt_end, forest_end, elf_end, slime_end, tomb_end, abyss_end,
          pan_hell_end]

Skill      XL: |  1  2  3  4  5  6  7  8 |
---------------+-------------------------+-----
Dodging        | 5 6 7 8 9 10 | 10.5
Fighting       | 6 8 9 11 12 | 12.4
Maces & Flails | 5 7 8 9 11 12 | 12.7
Stealth        | 1 2 |  2.5

Action                   |  1- 3 |  4- 6 |  7- 9 || total
-------------------------+-------+-------+-------++-------
Melee: Mace              |    28 |    10 |       ||    38
       Tailslap          |     3 |     2 |     2 ||     7
       Morningstar       |       |    20 |    20 ||    40
Invok: Berserk           |     1 |     2 |     1 ||     4
       Brothers in Arms  |       |       |     1 ||     1
Evoke: Wand              |       |     1 |       ||     1
  Use: Potion            |       |     2 |     6 ||     8
       Scroll            |       |     1 |       ||     1
Armor: Skin              |    10 |     7 |    11 ||    28
Dodge: Dodged            |    11 |    36 |    61 ||   108

Table legend: (Time is in decaauts)
 A = Elapsed time spent in this place.
 B = Non-inter-level travel time spent in this place.
 C = Inter-level travel time spent in this place.
 D = Time resting spent in this place.
 E = Time spent auto-exploring this place.
 F = Levels seen in this place.
 G = Mean time per level.
                   A        B        C        D        E       F      G
               +--------+--------+--------+--------+--------+-----+--------+
         Total |   1223 |   1223 |      0 |    979 |      8 |   1 | 1223.0 |
       Dungeon |   1223 |   1223 |      0 |    979 |      8 |   1 | 1223.0 |
               +--------+--------+--------+--------+--------+-----+--------+

Top non-repeatable levels by time:
       D: 1223 daAuts
